 Dungeon Crawl Stone Soup version 0.31.0-1-g2c135a008e (webtiles) character file.

Game seed: 17263483104965637951

105 qw the Shooter (level 5, -6/40 HPs)
             Began as a Djinni Hunter on Jan 23, 2024.
             Killed by divine providence
             ... invoked by an orc priest
              (9 damage)
             ... on level 3 of the Dungeon.
             The game lasted 00:00:08 (1670 turns).

qw the Shooter (Djinni Hunter)                      Turns: 1670, Time: 00:00:09

Health: -6/40      AC:  6    Str: 10    XL:     5   Next: 9%
Gold:   155        EV: 11    Int: 10    God:
                   SH:  0    Dex: 19

rFire   + + .        a - +0 shortbow
rCold   + . .        (shield currently unavailable)
rNeg    . . .        b - +1 ring mail {rF+}
rPois   inf          (no helmet)
rElec   .            (no cloak)
rCorr   .            (no gloves)
SInv    .            (boots unavailable)
Will    .....        (no amulet)
Stlth   +            e - ring of ice
HPRegen 0.26/turn    d - ring of protection from cold
MPRegen 0.00/turn

%: infuse magic (-7 HP)
@: flying
A: sickness immunity, fire resistance 2, cold vulnerability 1, float, innate
caster, HP casting, extra vitality 1
a: no special abilities


You were on level 3 of the Dungeon.
You visited 1 branch of the dungeon, and saw 3 of its levels.

You collected 155 gold pieces.


Innate Abilities, Weirdness & Mutations

You are immune to sickness and miasma.
You are immune to poison.
Your flesh is very heat resistant. (rF++)
You are vulnerable to cold. (rC-)
You float through the air rather than walking.
You learn spells naturally, not from books.
Your magical power is your life essence.
You have superior vitality. (+4 MHP)


   Skills:
 - Level 3.0 Fighting
 + Level 4.2 Ranged Weapons
 - Level 1.1 Armour
 - Level 2.7 Dodging
 - Level 0.7 Stealth


You knew the following spells:

 Your Spells              Type           Power      Damage    Failure   Level
a - Summon Small Mammal   Summ           0%         N/A       67%         1
b - Scorch                Fire           0%         2d5       82%         2
Your spell library was empty.

Inventory:

Hand Weapons
 a - a +0 shortbow (weapon)
Armour
 b - a +1 ring mail of fire resistance (worn)
Jewellery
 d - a ring of protection from cold (right hand)
 e - a ring of ice (left hand)
Wands
 j - a wand of paralysis (4)
Scrolls
 f - a scroll of blinking {unknown}
Potions
 c - a potion of might {unknown}
 g - a potion of curing {unknown}
 h - a potion of heal wounds {unknown}
 i - a potion of enlightenment {unknown}

Dungeon Overview and Level Annotations

Branches:
Dungeon (3/15)

Altars:


Message History

The orc barely misses you.
The orc priest hits you but does no damage.
You shoot an arrow. The arrow barely misses the orc priest.
The orc closely misses you. The orc priest barely misses you.
You shoot an arrow.
The arrow closely misses the orc priest.
The orc barely misses you. The orc priest closely misses you.
The orc closely misses you. The orc priest closely misses you.
You shoot an arrow.
The arrow completely misses the orc priest.
The orc hits you but does no damage.
The orc priest begins to cast a cantrip, but forgets the words!
You shoot an arrow. The arrow barely misses the orc priest.
The orc hits you with a +0 dagger. The orc priest hits you with a +0 mace.
You shoot an arrow. The arrow hits the orc priest.
The orc priest is moderately wounded.
The orc barely misses you. The orc priest barely misses you.
The orc hits you with a +0 dagger.
The orc priest casts a cantrip, but nothing happens.
You shoot an arrow.
The arrow closely misses the orc priest.
The orc hits you but does no damage.
The orc priest miscasts a cantrip.
You shoot an arrow. The arrow hits the orc priest!
The orc priest is severely wounded.
The orc hits you but does no damage. The orc priest hits you with a +0 mace.
The orc hits you with a +0 dagger. The orc priest misses you.
You shoot an arrow. The arrow barely misses the orc priest.
The orc completely misses you.
The orc priest hits you but does no damage.
You shoot an arrow. The arrow barely misses the orc priest.
The orc completely misses you. The orc priest closely misses you.
You shoot an arrow. The arrow hits the orc priest.
The orc priest is almost dead.
The orc misses you.
The orc priest mumbles some strange prayers to Beogh against you.
Pain shoots through your body! The orc hits you with a +0 dagger.
The orc priest calls down the wrath of Beogh upon you.
Beogh smites you!
You die...

.....8##.#.......# ...
.......##...###### ...#
.......8#..## #...#
........'..# #...#
.......8#..# #...#
.......##..########...##
.....8##...##...........
.....##.........o)......
#8.8##......#>..@o.)....
##'##.......#######<..##
....###....## ..# #.###
#....# ##.#######.#
###........#
##.######### #.## .##


You could see an orc priest and an orc.

Vanquished Creatures
  4 adders
  3 dart slugs
  2 orcs (D:3)
  10 ball pythons
  4 endoplasms
  A giant cockroach (D:1)
  6 goblins
  8 hobgoblins
  2 jackals (D:2)
  A quokka (D:3)
  5 bats
  5 frilled lizards
  5 kobolds
  5 rats
61 creatures vanquished.

Notes
Turn   | Place    | Note
-------+----------+-------------------------------------------
     0 | D:1      | qw the Djinni Hunter began the quest for the Orb.
     0 | D:1      | Reached XP level 1. HP: 18/18 MP: 0/0
     0 | D:1      | 0 ||| qw: Version: 0.3-a-135-gb77e89d
     0 | D:1      | 0 ||| qw: Game counter: 868
     0 | D:1      | 0 ||| qw: Melee chars always use a shield: true
     0 | D:1      | 0 ||| qw: God list: Okawaru
     0 | D:1      | 0 ||| qw: Allow faded altars: false
     0 | D:1      | 0 ||| qw: Do Orc after clearing Dungeon:15 true
     0 | D:1      | 0 ||| qw: Do second Lair branch before Depths: true
     0 | D:1      | 0 ||| qw: Lair rune preference: random
     0 | D:1      | 0 ||| qw: Goals: Normal
     0 | D:1      | 0 ||| PLANNING D:1-11
   250 | D:1      | Reached XP level 2. HP: 23/23 MP: 0/0
   334 | D:1      | Reached XP level 3. HP: 28/28 MP: 0/0
   334 | D:1      | Learned a level 1 spell: Summon Small Mammal
   354 | D:1      | Reached skill level 4 in Ranged Weapons
   774 | D:1      | 774 ||| UPGRADING to ring of ice.
   775 | D:1      | 775 ||| READING scroll labelled VEHAMMEPETU.
   776 | D:1      | 776 ||| DROPPING scroll of butterflies.
   820 | D:2      | 820 ||| FLEEEEING.
   821 | D:2      | 821 ||| STAIRDANCE
   984 | D:2      | Reached skill level 3 in Fighting
   984 | D:2      | Reached XP level 4. HP: 35/35 MP: 0/0
  1207 | D:2      | 1207 ||| UPGRADING to +1 ring mail of fire resistance.
  1217 | D:2      | 1217 ||| DROPPING +0 leather armour.
  1331 | D:2      | 1331 ||| UPGRADING to ring of protection from cold.
  1332 | D:2      | 1332 ||| READING scroll labelled EZISERI GOREME.
  1333 | D:2      | 1333 ||| READING scroll labelled LOSAEVO VOFO.
  1394 | D:3      | Reached skill level 1 in Armour
  1562 | D:3      | Reached XP level 5. HP: 35/40 MP: 0/0
  1562 | D:3      | Learned a level 2 spell: Scorch
  1562 | D:3      | 1562 ||| FLEEEEING.
  1566 | D:3      | 1566 ||| FLEEEEING.
  1567 | D:3      | 1567 ||| FLEEEEING.
  1670 | D:3      | HP: 4/40 [orc priest/nerve-wracking pain (9)]
  1670 | D:3      | Killed from afar by an orc priest

Levels and vault maps discovered:
D:1:      lightli_arrival_isolated_outpost, layout_basic, palyth_stone_intersect
D:2:      layout_basic, minmay_misc_feat_x, minmay_misc_feat_rugged,
          serial_bayou_lagoon_a, st_stairs_8, minmay_split_cup_small
D:3:      layout_loops_cross, dk_noncrumbling_4

Skill      XL: |  1  2  3  4 |
---------------+-------------+-----
Ranged Weapons | 4 |  4.2
Fighting       | 3 |  3.0
Armour         | 1 |  1.1
Dodging        | |  2.7
Stealth        | |  0.7

Action                     |  1- 3 |  4- 6 || total
---------------------------+-------+-------++-------
   Fire: Shortbow          |    99 |    95 ||   194
    Use: Scroll            |     1 |     2 ||     3
 Armour: Leather armour    |    24 |     2 ||    26
         Ring mail         |       |    36 ||    36
  Dodge: Dodged            |    34 |    34 ||    68

Table legend:
 A = Non-vault XP
 B = Vault XP
 C = Vault XP percentage of total XP
 D = Non-vault monster count
 E = Vault monster count
 F = Vault count percentage of total count
                 A         B        C        D         E       F
            +---------+---------+-------+---------+---------+-------
      Total |     133 |      18 |  11.9 |      57 |       4 |   6.6
            +---------+---------+-------+---------+---------+-------
        D:1 |      40 |       0 |   0.0 |      26 |       0 |   0.0
        D:2 |      40 |      18 |  31.0 |      18 |       4 |  18.2
        D:3 |      53 |       0 |   0.0 |      13 |       0 |   0.0
            +---------+---------+-------+---------+---------+-------
